 Dungeon Crawl Stone Soup version 0.20-a0-16-g0876c8e (webtiles) character file.

2924 Naow the Covert (level 9, -4/39 HPs)
             Began as a Spriggan Enchanter on Nov 4, 2016.
             Was an Initiate of Ru.
             Slain by a white ugly thing (33 damage)
             ... on level 7 of the Dungeon.
             The game lasted 00:24:30 (8368 turns).

Naow the Covert (Spriggan Enchanter)                Turns: 8368, Time: 00:24:31

Health: -4/39      AC:  5    Str:  7    XL:     9   Next: 50%
Magic:  18/21      EV: 26    Int: 16    God:    Ru [......]
Gold:   340        SH:  0    Dex: 17    Spells: 4 memorised, 14 levels left

rFire  . . .     SeeInvis +     s - +3 dagger
rCold  . . .     Gourm    .     M - +0 troll leather armour {Purgy}
rNeg   . . .     Faith    .     (shield restricted)
rPois  .         Spirit   .     (helmet restricted)
rElec  .         Reflect  .     t - +0 cloak
rCorr  .         Harm     .     (gloves unavailable)
MR     +....                    (boots unavailable)
Stlth  +++++.....               (no amulet)
                                j - ring of stealth
                                D - +4 ring of evasion

@: very quick
A: unfitting armour, see invisible, herbivore 3, speed 3, slow metabolism 2
a: Sacrifice an Eye, Sacrifice Arcana, Sacrifice Durability, Reject Sacrifices,
Renounce Religion


You were on level 7 of the Dungeon.
You worshipped Ru.
Ru was noncommittal.
You were not hungry.

You visited 2 branches of the dungeon, and saw 9 of its levels.
You also visited: Sewer and Ossuary.

You collected 340 gold pieces.

Inventory:

Hand Weapons
 a - a +1 dagger
 s - a +3 dagger (weapon)
 K - a +0 blowgun
Missiles
 L - 3 curare-tipped needles
Armour
 b - a +1 robe
 n - a +0 robe of resistance
 t - a +0 cloak (worn)
 M - a +0 troll leather armour (worn) {Purgy}
Jewellery
 i - an uncursed ring of poison resistance
 j - a ring of stealth (right hand)
 l - an uncursed ring of protection from magic
 B - a +4 ring of intelligence
 C - an uncursed ring of stealth
 D - a +4 ring of evasion (left hand)
 Q - an uncursed ring of protection from cold
 R - an uncursed ring of protection from fire {unknown}
Wands
 A - a wand of flame (18/48)
 H - a wand of paralysis (11/24)
Scrolls
 e - a scroll of amnesia
 f - a scroll of remove curse
 g - a scroll of immolation
 k - 8 scrolls of identify
 m - a scroll of fear {unknown}
 q - 2 scrolls of enchant weapon {unknown}
 u - 3 scrolls of teleportation
 v - a scroll of enchant armour {unknown}
 w - 2 scrolls of recharging {unknown}
 x - 3 scrolls of magic mapping {unknown}
 y - a scroll of fog {unknown}
 F - a scroll of random uselessness {unknown}
 I - a scroll of blinking {unknown}
Potions
 h - 2 potions of might
 o - 2 potions of heal wounds {unknown}
 p - 4 potions of agility {unknown}
 z - a potion of magic {unknown}
 E - 2 potions of lignification {unknown}
 G - 2 potions of haste {unknown}
 J - a potion of flight {unknown}
 N - a potion of degeneration {unknown}
 O - a potion of berserk rage {unknown}
 P - 2 potions of curing {unknown}
Books
 c - a book of Maledictions

   Spells                             Type                      Level
   a - Corona                         Hexes                        1
   b - Ensorcelled Hibernation        Hexes/Ice                    2
   c - Confuse                        Hexes                        3
   d - Tukima's Dance                 Hexes                        3
   e - Dazzling Spray                 Conjuration/Hexes            3
Comestibles
 d - 4 bread rations
 r - 4 fruits


   Skills:
 + Level 6.6 Short Blades
 - Level 8.2 Dodging
 - Level 9.9 Stealth
 + Level 7.6 Spellcasting
 + Level 8.5 Hexes


You had 14 spell levels left.
You knew the following spells:

 Your Spells              Type           Power        Failure   Level  Hunger
a - Corona                Hex            ####...      1%          1    None
b - Ensorcelled Hibernat  Hex/Ice        ###...       6%          2    None
c - Tukima's Dance        Hex            ####....     1%          3    ##.....
d - Confuse               Hex            ####....     1%          3    ##.....


Dungeon Overview and Level Annotations

Branches:
Dungeon (8/15)             Temple (1/1) D:5
   Lair: D:8-11

Altars:
Cheibriados
Elyvilon
Fedhas
Gozag
Hepliaklqana
Okawaru
Qazlal
Ru
Sif Muna
Uskayaw
Vehumet
Xom
Zin

Annotations:
D:3 Grinder
D:8 Millan's ghost, novice HEHu


Innate Abilities, Weirdness & Mutations

You are very small and have problems with some larger weapons.
You are too small for most types of armour.
You have supernaturally acute eyesight. (SInv)
You are a herbivore.
You cover ground extremely quickly.
You need consume almost no food.


Message History

Aim: a white ugly thing (not susceptible)
The white ugly thing is unaffected.
Casting: Ensorcelled Hibernation
Confirm with . or Enter, or press ? or * to list all spells.
Aiming: Ensorcelled Hibernation
Press: ? - help, Shift-Dir - straight line, f - leopard gecko, p - white ugly thing
Aim: a leopard gecko (clinging, chance to defeat MR: 67%)
The leopard gecko looks drowsy...
The leopard gecko hisses angrily.
The leopard gecko completely misses you.
You hit the leopard gecko.
The leopard gecko is heavily wounded.
There is a stone staircase leading up here.
You climb upwards.
There is a stone staircase leading down here.
Done exploring.
You climb downwards.
The white ugly thing stings you! The white ugly thing freezes you!!
Ouch! That really hurt!
You die...

#.# #.# #...... #.# #.# #......
#.# #.# #...... #.#
#.################...... #.#
#>..[...(............... #.#
#.###################...
#.######.# #...
#........###################...
#######.......@u...........'...
#.######l#############... #.#
#.# #..[ #.# #.# #... #.# #.#
#... #.# #.# #... #.# #.# #...
#.# #.# #... #.# #.##########
#...


You could see a white ugly thing and a leopard gecko.

Vanquished Creatures
  Menkaure (D:7)
  2 water moccasins
  3 sky beasts
  An orc warrior (D:7)
  Purgy (Sewer)
  An ogre (D:5)
  3 centaurs
  A big kobold (Sewer)
  2 bullfrogs (D:6)
  A scorpion (D:4)
  8 wights (D:6)
  5 howler monkeys
  2 crimson imps
  2 quasits
  A centaur zombie (D:5)
  A gnoll shaman (D:5)
  A jelly (D:6)
  3 hounds
  2 orc priests
  2 bullfrog skeletons (D:4)
  A centaur skeleton (D:6)
  Jessica (D:2)
  Terence (D:3)
  An iguana (D:7)
  Natasha (thrice) (D:3)
  3 orc wizards
  2 worker ants
  A killer bee zombie (D:6)
  2 hound skeletons
  A mummy (D:4)
  2 worker ant zombies (D:7)
  12 adders
  4 gnolls (D:5)
  A river rat (D:5)
  2 shadow imps
  4 worms
  4 dart slugs
  4 leopard geckos
  14 orcs
  4 bats
  5 giant cockroaches
  3 goblins
  3 hobgoblins
  7 jackals
  10 kobolds
  A quokka (D:5)
  7 frilled lizards
  A goblin zombie (D:4)
  2 kobold zombies
  An orc zombie (Ossuary)
  A quokka skeleton (D:5)
  4 rats
155 creatures vanquished.

Notes
Turn   | Place    | Note
-------+----------+-------------------------------------------
     0 | D:1      | Naow the Spriggan Enchanter began the quest for the Orb.
     0 | D:1      | Reached XP level 1. HP: 9/9 MP: 5/5
   259 | D:1      | Reached XP level 2. HP: 13/13 MP: 6/6
   263 | D:1      | Learned a level 2 spell: Ensorcelled Hibernation
   628 | D:2      | Found a radiant altar of Vehumet.
   738 | D:2      | Noticed Jessica
   748 | D:2      | Killed Jessica
   748 | D:2      | Reached skill level 5 in Stealth
   748 | D:2      | Reached XP level 3. HP: 16/16 MP: 8/8
   822 | D:2      | Found a white marble altar of Elyvilon.
  1212 | D:1      | Reached XP level 4. HP: 20/21 MP: 0/9
  1915 | D:3      | Noticed Terence
  1919 | D:3      | Killed Terence
  1985 | D:3      | Noticed Natasha
  2028 | D:3      | Killed Natasha
  2028 | D:3      | Reached XP level 5. HP: 16/24 MP: 1/11
  2208 | D:3      | Reached skill level 5 in Hexes
  2718 | D:3      | Noticed Grinder
  2788 | D:3      | Noticed Natasha
  3068 | D:3      | Reached skill level 6 in Stealth
  3284 | D:3      | Found a hazy altar of Hepliaklqana.
  3284 | D:3      | Found a snail-covered altar of Cheibriados.
  3397 | D:3      | Killed Natasha
  3397 | D:3      | Reached XP level 6. HP: 28/28 MP: 8/13
  3477 | D:3      | Noticed Natasha
  3484 | D:3      | Killed Natasha
  3622 | D:4      | Found a sand-covered staircase.
  3640 | D:4      | Learned a level 3 spell: Tukima's Dance
  3644 | D:4      | Learned a level 3 spell: Confuse
  3669 | Ossuary  | Entered an ossuary
  4200 | D:4      | Reached skill level 5 in Dodging
  4500 | D:4      | Reached XP level 7. HP: 29/32 MP: 14/14
  4519 | D:4      | Reached skill level 7 in Stealth
  4745 | D:5      | Entered Level 5 of the Dungeon
  4783 | D:5      | Reached skill level 5 in Spellcasting
  5047 | D:5      | Found a staircase to the Ecumenical Temple.
  5051 | D:5      | Found an opulent altar of Gozag.
  5100 | Temple   | Entered the Ecumenical Temple
  5112 | Temple   | Became a worshipper of Ru the Awakened
  5452 | D:5      | Found a glowing drain.
  5456 | Sewer    | Entered a sewer
  5526 | Sewer    | Noticed Purgy
  5528 | Sewer    | Killed Purgy
  5528 | Sewer    | Reached skill level 8 in Stealth
  5570 | Sewer    | Reached XP level 8. HP: 33/36 MP: 14/17
  5687 | D:5      | Found a stormy altar of Qazlal.
  5759 | D:5      | Found a blossoming altar of Fedhas.
  5801 | D:5      | Found a faded altar of an unknown god.
  5801 | D:5      | Found a faded altar of an unknown god.
  5806 | D:5      | Found a faded altar of an unknown god.
  5808 | D:5      | Found a faded altar of an unknown god.
  5809 | D:5      | Found an iron altar of Okawaru.
  5976 | D:5      | Reached skill level 5 in Short Blades
  6139 | D:6      | Reached skill level 9 in Stealth
  6439 | D:6      | Found a deep blue altar of Sif Muna.
  6886 | D:6      | Reached XP level 9. HP: 39/39 MP: 8/19
  7632 | D:7      | Noticed Menkaure
  7925 | D:8      | Noticed Millan's ghost (novice HEHu)
  8157 | D:7      | Killed Menkaure
  8344 | D:7      | Noticed a white ugly thing
  8368 | D:7      | Slain by a white ugly thing

Vault maps used:
D:1:      dpeg_arrival_stonehenge_8_columns
D:2:      minmay_wonky_spiral, vehumet_crystals, elyvilon_altar_3, uniq_jessica
D:3:      gammafunk_temple_overflow_wave, uniq_natasha, uniq_grinder,
          uniq_terence
D:4:      nicolae_ossuary_entry_giza, first_bread
D:5:      grunt_temple_overflow_forces_of_nature,
          chequers_temple_overflow_minitemple, gup_sewer_entry_bowl,
          grunt_gozag_breadcrumbs
D:6:      lemuel_blue_sif_altar
D:7:      uniq_menkaure
D:8:      lemuel_zombie_altar_yredelemnul, tso_metal_star
Temple:   compressed_dpeg_triangle_lava_temple
Sewer:    kennysheep_door_sewer
Ossuary:  ossuary_tomb_3

Skill      XL: |  1  2  3  4  5  6  7  8  9 |
---------------+----------------------------+-----
Hexes          | 4 5 6 7 8 |  8.5
Short Blades   | 2 3 4 5 6 |  6.6
Stealth        | 5 6 8 9 |  9.9
Spellcasting   | 3 4 5 6 7 |  7.6
Dodging        | 4 5 6 7 8 |  8.2

Action                   |  1- 3 |  4- 6 |  7- 9 || total
-------------------------+-------+-------+-------++-------
Melee: Dagger            |    94 |   195 |   344 ||   633
 Cast: Ensorcelled Hiber |    12 |    51 |    44 ||   107
       Confuse           |       |     2 |    25 ||    27
  Use: Scroll            |       |       |     5 ||     5
 Stab: Sleeping          |    11 |    34 |    40 ||    85
       Distracted        |     1 |       |     1 ||     2
       Confused          |       |     1 |    10 ||    11
  Eat: Bread ration      |       |     1 |     1 ||     2
       Fruit             |       |     1 |       ||     1
Armor: Robe              |    10 |    12 |     4 ||    26
       Troll leather arm |       |       |    16 ||    16
Dodge: Dodged            |    71 |   158 |   261 ||   490
